 Dungeon Crawl Stone Soup version 0.27.1-37-g7b29ead8ac (webtiles) character file.

Game seed: 704325767576519553

459 AarnesTheHuman the Changer (level 7, 0/41 (43) HPs)
             Began as an Octopode Transmuter on Sept 4, 2023.
             Slain by Ijyb (1 damage)
             ... on level 3 of the Dungeon.
             The game lasted 00:08:12 (2502 turns).

AarnesTheHuman the Changer (Octopode Transmuter)    Turns: 2502, Time: 00:08:12

HP:   0/41 (43)     AC:  5    Str:  6 (9)  XL:     7   Next: 6%
MP:   11/11         EV: 13    Int: 15 (18) God:
Gold: 250           SH:  0    Dex: 10 (12) Spells: 5/12 levels left

rFire    . . .     SeeInvis .   a - +1 dagger
rCold    . . .     Faith    .   (no shield)
rNeg     . . .     Spirit   .   (helmet restricted)
rPois    .         Reflect  .   b - amulet of regeneration
rElec    .         Harm     .   j - +4 ring of protection
rCorr    .         Rampage  .   (no ring)
Will     .....                  (no ring)
Stlth    ++........             (no ring)
HPRegen  1.13/turn              (no ring)
MPRegen  0.12/turn              (no ring)
                                (no ring)
                                (no ring)

@: confused, brilliant, lightly drained
A: almost no armour, amphibious, 8 rings, camouflage 1, gelatinous body 1,
(nimble swimmer 1), tentacles
a: no special abilities


You were on level 3 of the Dungeon.
You visited 1 branch of the dungeon, and saw 4 of its levels.

You collected 250 gold pieces.

Inventory:

Hand Weapons
 a - a +1 dagger (weapon)
 e - a +1 flail of draining
Missiles
 c - 173 stones
Jewellery
 b - an amulet of regeneration (around mantle)
 j - a +4 ring of protection (left tentacle)
 o - a ring of ice
Wands
 g - a wand of iceblast (6)
Scrolls
 m - a scroll of enchant armour
Potions
 f - 2 potions of heal wounds


   Skills:
 - Level 1.0 Fighting
 - Level 2.0 Dodging
 - Level 1.0 Stealth
 - Level 3.0 Unarmed Combat
 + Level 3.1 Spellcasting
 + Level 5.1 Transmutations
 + Level 4.1 Ice Magic


You had 5 spell levels left.
You knew the following spells:

 Your Spells              Type           Power      Damage    Failure   Level
a - Beastly Appendage     Tmut           52%        N/A       2%          1
b - Wereblood             Tmut           26%        N/A       3%          2
c - Ice Form              Ice/Tmut       24%        N/A       28%         4

Your spell library contained the following spells:

 Spells                   Type           Power      Damage    Failure   Level
 Spider Form              Tmut/Pois      7%         N/A       21%         3
 Slow                     Hex            3%         N/A       30%         2
 Confusing Touch          Hex            3%         N/A       52%         3
 Yara's Violent Unravell  Hex/Tmut       7%         3d5       88%         5
 Iskenderun's Battlesphe  Conj           3%         2d6       99%         5
 Iron Shot                Conj/Erth      1%         9d1       100%        6
 Spellforged Servitor     Conj/Summ      1%         N/A       100%        7


Dungeon Overview and Level Annotations

Branches:
Dungeon (4/15)
 Temple: D:4-7

Altars:
Makhleb
Zin

Annotations:
D:3 1 runed translucent door, exclusions: door and downstairs, Crazy Yiuf, Ijyb
D:4 exclusion: Eustachio


Innate Abilities, Weirdness & Mutations

You cannot wear most types of armour.
You are amphibious.
You can wear up to eight rings at the same time.
Your skin changes colour to match your surroundings (Stealth+).
Your rubbery body absorbs attacks. (AC +1, EV +1)
((You are camouflaged near water. (Stealth+)))
You have tentacles for arms and can constrict up to eight enemies at once.


Message History

Ijyb hits you but does no damage. The wight misses you.
Ijyb zaps a wand.
Your will is overpowered!
You are confused.
Ijyb is pulled toward you! The wight is pulled toward you!
There is a stone staircase leading up, spattered with blood here.
The wight barely misses you. Ijyb hits you with a +0 dagger.
In your confused state, you trip and fall back down the stairs.
The wight closely misses you.
Ijyb zaps a wand.
Your will is overpowered!
You are more confused.
Ijyb grins evilly.
Ijyb zaps a wand.
Your will is overpowered!
You are more confused.
Ijyb is pulled toward you! Ijyb hits you with a +0 dagger.
You're too confused to move!
Ijyb hits you with a +0 dagger. The wight barely misses you.
There is a stone staircase leading up here.
Ijyb hits you with a +0 dagger.
In your confused state, you trip and fall back down the stairs.
The wight barely misses you.
Ijyb zaps a wand.
You resist with some effort. The wight misses you.
Ijyb hits you with a +0 dagger.
In your confused state, you trip and fall back down the stairs.
The wight hits you but does no damage. Ijyb hits you with a +0 dagger.
The wight hits you with a +2 vorpal battleaxe.
Ijyb hits you with a +0 dagger.
You climb upwards.
Level annotation: 1 runed translucent door, exclusions: door and downstairs, Crazy Yiuf
There is a stone staircase leading down here.
Ijyb zaps a wand.
You resist with some effort.
You bump into the rock wall.
The wight hits you with a +2 vorpal battleaxe.
Ijyb zaps a wand.
You resist with some effort.
The now-empty wand crumbles to dust.
You feel less attractive to monsters.
You bump into the rock wall.
The wight misses you. Ijyb hits you with a +0 dagger.
The wight hits you with a +2 vorpal battleaxe!
* * * LOW HITPOINT WARNING * * *
x2 Ijyb hits you with a +0 dagger.
You die...

..## ### #########.... ...##
###.#.. ....##
###############..##.. .....#
#.##............###.. ....##
#.##.##.#...###......
...##########...............###..
...##.........##.##.##.###......>
.#.##.#.....#.#...#.##.###.####..
##.##.#.###.#..g@...##...........
#.##...#....[.z.##.######.#####.
#.##...#.###.>#.#.######.....##.
#.##.#...#......................
#.##.###.#.###..########........
#.##.# #...#.....# #......[.
#.##.# ##..#.###.# #........
##.##.# #..รท.#...#########......
......# #..#.#...##.............


You could see Ijyb and a wight.

Vanquished Creatures
  Eustachio (D:3)
  A howler monkey (D:4)
  A hound (D:3)
  A jelly (D:4)
  Natasha (thrice) (D:4)
  2 orc wizards (D:4)
  7 adders
  A worm (D:2)
  2 orcs (D:4)
  2 endoplasms (D:2)
  A giant cockroach (D:1)
  4 hobgoblins
  2 quokkas (D:1)
  7 ball pythons
  2 bats (D:2)
  2 frilled lizards (D:1)
  6 goblins
  4 kobolds
  2 rats
51 creatures vanquished.

Vanquished Creatures (collateral kills)
  A goblin (D:4)
  A jackal skeleton (D:4)
2 creatures vanquished.

Grand Total: 53 creatures vanquished

Notes
Turn   | Place    | Note
-------+----------+-------------------------------------------
     0 | D:1      | AarnesTheHuman the Octopode Transmuter began the quest for
                  | the Orb.
     0 | D:1      | Reached XP level 1. HP: 13/13 MP: 3/3
    64 | D:1      | Reached skill level 1 in Stealth
   100 | D:1      | Reached XP level 2. HP: 18/18 MP: 5/5
   400 | D:2      | Learned a level 2 spell: Wereblood
   433 | D:2      | Reached skill level 3 in Transmutations
   501 | D:2      | Reached XP level 3. HP: 23/23 MP: 4/6
   913 | D:2      | Reached skill level 4 in Transmutations
   993 | D:2      | Found a faded altar of an unknown god.
  1053 | D:3      | Found a burning altar of Makhleb.
  1128 | D:3      | Reached XP level 4. HP: 28/28 MP: 7/7
  1257 | D:3      | Found a glowing silver altar of Zin.
  1478 | D:3      | Found a runed translucent door.
  1479 | D:3      | Noticed Crazy Yiuf
  1763 | D:4      | Learned a level 4 spell: Ice Form
  1770 | D:4      | Noticed Eustachio
  1816 | D:3      | Reached skill level 1 in Ice Magic
  1816 | D:3      | Reached XP level 5. HP: 22/33 MP: 7/9
  2108 | D:4      | Noticed Natasha
  2113 | D:4      | Killed Natasha
  2114 | D:4      | Reached XP level 6. HP: 27/38 MP: 10/10
  2199 | D:4      | Reached skill level 5 in Transmutations
  2282 | D:3      | Killed Eustachio
  2343 | D:4      | Noticed Ijyb
  2352 | D:4      | Noticed Natasha
  2364 | D:4      | Killed Natasha
  2365 | D:4      | Reached XP level 7. HP: 38/43 MP: 9/11
  2379 | D:4      | Noticed Natasha
  2404 | D:4      | Killed Natasha
  2455 | D:4      | Identified the +2 leather armour of Responsibility {rN+
                  | Str+5}
  2502 | D:3      | HP: 1/41 [wight (3)]
  2502 | D:3      | Slain by Ijyb

Illustrated notes

Levels and vault maps discovered:
D:1:      dpeg_arrival_shelter, layout_rooms
D:2:      layout_basic, shapermc_ecumenical_altar_notcrosses,
          minmay_pentomino_t2
D:3:      layout_loops_ring, zin_statuary, amcnicky_altar_gilded,
          hangedman_abyss_or_decor_stabs, uniq_crazy_yiuf_cottage
D:4:      layout_cave_pools, kennysheep_generic_room_15, uniq_ijyb, uniq_edmund,
          uniq_eustachio, uniq_natasha

Skill      XL: |  1  2  3  4  5  6 |
---------------+-------------------+-----
Stealth        | 1 |  1.0
Transmutations | 3 4 5 |  5.1
Spellcasting   | 3 |  3.1
Ice Magic      | 1 2 4 |  4.1
Fighting       | |  1.0
Dodging        | |  2.0
Unarmed Combat | |  3.0

Action                   |  1- 3 |  4- 6 |  7- 9 || total
-------------------------+-------+-------+-------++-------
Melee: Unarmed           |    12 |    10 |     1 ||    23
       Constrict         |    13 |    16 |       ||    29
       Tentacles         |    11 |    11 |       ||    22
       Punch             |     1 |     2 |       ||     3
       Dagger            |    47 |    75 |       ||   122
       Kick              |     5 |     9 |       ||    14
Throw: Stone             |       |       |     1 ||     1
 Cast: Beastly Appendage |     3 |     4 |       ||     7
       Wereblood         |     1 |     2 |       ||     3
       Ice Form          |       |     1 |     1 ||     2
Evoke: Wand              |     3 |       |       ||     3
  Use: Scroll            |       |     5 |       ||     5
       Potion            |       |       |     5 ||     5
 Stab: Sleeping          |     4 |     3 |       ||     7
Armor: Skin              |     3 |    16 |     2 ||    21
Dodge: Dodged            |    40 |    52 |     9 ||   101
